 Dungeon Crawl Stone Soup version 0.23.2-33-g5129a83184 (webtiles) character file.

Game seed: 879456559663101469

61 Hebeh the Conjurer (level 3, 0/19 HPs)
             Began as a Deep Elf Conjurer on July 2, 2019.
             Slain by a leopard gecko (4 damage)
             ... on level 3 of the Dungeon.
             The game lasted 00:08:54 (2248 turns).

Hebeh the Conjurer (Deep Elf Conjurer)              Turns: 2248, Time: 00:08:55

Health: 0/19       AC:  2    Str:  5    XL:     3   Next: 83%
Magic:  1/11       EV: 13    Int: 20    God:
Gold:   96         SH:  0    Dex: 15    Spells: 10/11 levels left

rFire    . . .     SeeInvis .   b - +0 hunting sling
rCold    . . .     Gourm    .   (no shield)
rNeg     . . .     Faith    .   j - +0 robe
rPois    .         Spirit   .   (no helmet)
rElec    .         Reflect  .   (no cloak)
rCorr    .         Harm     .   (no gloves)
MR       .....                  (no boots)
Stlth    ++........             (no amulet)
HPRegen  0.06/turn              (no ring)
MPRegen  0.12/turn              (no ring)

@: very slightly contaminated
A: no striking features
a: no special abilities


You were on level 3 of the Dungeon.
You were not hungry.

You visited 1 branch of the dungeon, and saw 3 of its levels.

You collected 96 gold pieces.

Inventory:

Hand Weapons
 a - a +0 short sword
 b - a +0 hunting sling (weapon)
 m - a +0 dagger
Missiles
 k - 37 sling bullets (quivered)
 l - 29 arrows
 p - 4 javelins
 r - 38 stones
Armour
 j - a +0 robe (worn)
Scrolls
 e - a scroll of magic mapping {unknown}
 f - 2 scrolls of enchant weapon {unknown}
 o - a scroll of identify {unknown}
 q - a scroll of blinking {unknown}
 s - 2 scrolls of teleportation {unknown}
Potions
 d - 2 potions of haste {unknown}
 g - 2 potions of curing {unknown}
 h - a potion of mutation {unknown}
 i - 2 potions of invisibility {unknown}
Comestibles
 c - 6 rations
 n - 3 chunks of flesh


   Skills:
 - Level 2.4 Dodging
 - Level 2.4 Stealth
 + Level 4.6 Spellcasting
 + Level 5.3 Conjurations


You had 10 spell levels left.
You knew the following spells:

 Your Spells              Type           Power        Failure   Level  Hunger
a - Magic Dart            Conj           ####         1%          1    None

Your spell library contained the following spells:

 Spells                   Type           Power        Failure   Level  Hunger
 Searing Ray              Conj           ####..       1%          2    #......
 Dazzling Spray           Conj/Hex       ###...       12%         3    ##.....
 Iskenderun's Mystic Bla  Conj           ####....     14%         4    ####...
 Force Lance              Conj/Tloc      ###.....     38%         4    ####...
 Fulminant Prism          Conj/Hex       ###.......   38%         4    ####...


Dungeon Overview and Level Annotations

Branches:
Dungeon (3/15)

Altars:
Kikubaaqudgha
Qazlal
Uskayaw
Xom

Annotations:
D:3 Ijyb


Message History

The leopard gecko bites you.
Casting: Magic Dart (safe; 1% risk of failure)
Confirm with . or Enter, or press ? or * to list all spells.
Aiming: Magic Dart (safe; 1% risk of failure)
Press: ? - help, Shift-Dir - straight line, f/p - Ijyb
Aim: Ijyb, wielding a +0 club, wearing a +2 ring mail of fire resistance and carrying a wand of flame (7) (lightly wounded)
The magic dart hits Ijyb.
Ijyb is moderately wounded.
The leopard gecko misses you. Ijyb hits you with a +0 club.
* * * LOW HITPOINT WARNING * * *
Casting: Magic Dart (safe; 1% risk of failure)
Confirm with . or Enter, or press ? or * to list all spells.
Aiming: Magic Dart (safe; 1% risk of failure)
Press: ? - help, Shift-Dir - straight line, f/p - Ijyb
Aim: Ijyb, wielding a +0 club, wearing a +2 ring mail of fire resistance and carrying a wand of flame (7) (moderately wounded)
The magic dart hits Ijyb but does no damage.
Ijyb is moderately wounded.
The leopard gecko closely misses you. Ijyb completely misses you.
The leopard gecko bites you.
You die...

# ........### #
#############.....)..###.##
..........................#
##########...........##.#.#
#.#...............
#.#.#####......#
#.#.#..........#
#.#.#.####o....# #.#.#
#@lg.....# #.#.# #.######.#
#.#.# #.# .# #.# # #.# #.#
#.# #.#


You could see Ijyb, an orc and a leopard gecko.

Vanquished Creatures
  An adder (D:2)
  A shadow imp (D:3)
  A dart slug (D:1)
  A leopard gecko (D:3)
  4 orcs (D:3)
  A giant cockroach (D:1)
  3 goblins
  6 hobgoblins
  2 jackals (D:1)
  A quokka (D:2)
  8 bats
  5 frilled lizards
  2 kobolds
  3 rats
39 creatures vanquished.

Notes
Turn   | Place    | Note
-------+----------+-------------------------------------------
     0 | D:1      | Hebeh the Deep Elf Conjurer began the quest for the Orb.
     0 | D:1      | Reached XP level 1. HP: 10/10 MP: 6/6
   166 | D:1      | Reached XP level 2. HP: 15/15 MP: 2/8
   632 | D:1      | You fall through a shaft!
   692 | D:2      | Found an ancient bone altar of Kikubaaqudgha.
   782 | D:2      | Found a shimmering altar of Xom.
   792 | D:2      | Reached skill level 5 in Conjurations
   792 | D:2      | Reached XP level 3. HP: 15/19 MP: 0/10
  1145 | D:2      | Found a hide-covered altar of Uskayaw.
  1145 | D:2      | Found a stormy altar of Qazlal.
  1304 | D:2      | Found a faded altar of an unknown god.
  2237 | D:3      | Noticed Ijyb
  2248 | D:3      | Slain by a leopard gecko

Skill      XL: |  1  2 |
---------------+-------+-----
Spellcasting   | 4 |  4.6
Conjurations   | 5 |  5.3
Dodging        | |  2.4
Stealth        | |  2.4

Action                   || total
-------------------------++-------
Melee: Short sword       ||     1
 Fire: Hunting sling     ||     4
 Cast: Magic Dart        ||    85
  Eat: Chunk             ||     4
Armor: Robe              ||     1
Dodge: Dodged            ||    22
